 Dungeon Sprint DCSS version 0.18.1-48-g4cf74bf (webtiles) character file.

0 kosy22 the Sneak (level 1, 0/9 HPs)
             Began as a Vine Stalker Enchanter on Aug 19, 2016.
             Slain by a hound (4 damage)
             ... in the Dungeon (Sprint VI: "Thunderdome").
             The game lasted 00:00:36 (35 turns).

kosy22 the Sneak (Vine Stalker Enchanter)             Turns: 35, Time: 00:00:37

Health: 0/9        AC:  3    Str: 10    XL:     1   Next: 10%
Magic:  0/4        EV: 12    Int: 15    God:
Gold:   200        SH:  0    Dex: 14    Spells: 1 memorised, 3 levels left

rFire  . . .     SeeInvis .     a - +1 dagger
rCold  . . .     Gourm    .     b - +1 robe
rNeg   . . .     Faith    .     (no shield)
rPois  .         Spirit   +     (no helmet)
rElec  .         Dismiss  .     (no cloak)
rCorr  .         Reflect  .     (no gloves)
SustAt .         Harm     .     (no boots)
MR     .....     NoTele   +     (no amulet)
Stlth  ++........               (no ring)
                                (no ring)

@: not resistant to hostile enchantments, unstealthy
A: fangs 2, regeneration 1, magic shield, antimagic bite, no device heal 3, rot
immunity
a: no special abilities


You were in the Dungeon.
You were not hungry.

You visited 1 branch You collected 200 gold pieces.

Inventory:

Hand Weapons
 a - a +1 dagger (weapon)
Armour
 b - a +1 robe (worn)
Wands
 l - a wand of acid (5/15)
 m - a wand of iceblast (5/15)
Scrolls
 j - 4 scrolls of blinking
 n - 3 scrolls of fog
Potions
 e - a potion of curing
 f - 4 potions of heal wounds
 g - 4 potions of haste
 h - 2 potions of magic
 i - a potion of berserk rage
 k - a potion of resistance
Books
 c - a book of Maledictions

   Spells                             Type                      Level
   a - Corona                         Hexes                        1
   b - Ensorcelled Hibernation        Hexes/Ice                    2
   c - Confuse                        Hexes                        3
   d - Tukima's Dance                 Hexes                        3
   e - Dazzling Spray                 Conjuration/Hexes            3
Comestibles
 d - a bread ration


   Skills:
 + Level 0.8 Short Blades
 + Level 1.7 Dodging
 + Level 3.7 Stealth
 + Level 2.2 Spellcasting
 + Level 3.2 Hexes


You had 3 spell levels left.
You knew the following spells:

 Your Spells              Type           Power        Failure   Level  Hunger
a - Corona                Hex            ##.....      8%          1    #......


Dungeon Overview and Level Annotations

Branches:
Dungeon (1/1)

Altars:
Cheibriados
Fedhas
Gozag
Kikubaaqudgha
Makhleb
Okawaru
Ru
Trog
Xom
Yredelemnul
Zin
The Shining One
Jiyva
Lugonu

Shops:
D *[%???:(


Innate Abilities, Weirdness & Mutations

You have extremely sharp teeth.
Your natural rate of healing is unusually fast.
When hurt, damage is shared between your health and your magic reserves.
Your bite disrupts and absorbs the magic of your enemies.
Potions and wands cannot restore your health.
You are immune to rotting.


Message History

The hound barks!
You hit the kobold.
You kill the kobold!
You see here a kobold corpse.
Casting: Corona
Confirm with . or Enter, or press ? or * to list all spells.
Aiming: Corona
Press: ? - help, Shift-Dir - straight line, f - hound
Aim: a hound (chance to defeat MR: 55%)
The hound is outlined in light.
The hound bites you.
You hit the hound but do no damage. The hound barely misses you.
The hound bites you.
You hit the hound.
The hound is lightly wounded.
The hound bites you.
You closely miss the hound.
The hound is lightly wounded.
The hound bites you.
You die...

#⌠...........⌠#
######.8.........8.##
##∩__.......###......_
###∩........8.# #.8.....
#.............###.......
⌠..........###...###....
⌠..........# #.<.# ....
§..........###...# ....
#.....h@†.....###.. ...
###∩........8.# .8.. ..
##∩___......# ......
######.8.........8.#
#⌠...........⌠#
###.........### _.....
_.....


You could see a hound.

Vanquished Creatures
  A kobold (D)
1 creature vanquished.

Notes
Turn   | Place    | Note
--------------------------------------------------------------
     0 | D        | kosy22 the Vine Stalker Enchanter began the quest for the Orb.
     0 | D        | Reached XP level 1. HP: 9/9 MP: 4/4
     3 | D        | Found a viscous altar of Jiyva.
     3 | D        | Found a corrupted altar of Lugonu.
     4 | D        | Found a basalt altar of Yredelemnul.
     5 | D        | Found an opulent altar of Gozag.
     5 | D        | Found an iron altar of Okawaru.
     5 | D        | Round 1.
     6 | D        | Found a sacrificial altar of Ru.
     6 | D        | Found a bloodstained altar of Trog.
     6 | D        | Found Qeulaf's Staff Store.
     6 | D        | Found Arabovov's Magic Scroll Shop.
     7 | D        | Found Esiown's Must-Have Magic.
     7 | D        | Found Plog's Magic Scroll Shop.
    13 | D        | Found a shimmering altar of Xom.
    15 | D        | Found an ancient bone altar of Kikubaaqudgha.
    16 | D        | Found Uttuti's Bee Food.
    17 | D        | Found Tewei's Jewellery.
    17 | D        | Found Juysiodd's Advanced Armour.
    18 | D        | Found a blossoming altar of Fedhas.
    18 | D        | Found a snail-covered altar of Cheibriados.
    18 | D        | Found a glowing golden altar of the Shining One.
    18 | D        | Found Eris Heb's Identification Station.
    26 | D        | Found a burning altar of Makhleb.
    28 | D        | Found a glowing silver altar of Zin.
    29 | D        | Noticed a hound
    35 | D        | Slain by a hound

Action                   || total
-------------------------++-------
Melee: Dagger            ||     4
 Cast: Corona            ||     1
Dodge: Dodged            ||     3
